AoeStats
← thinker

Arabia

505602758Analyzed
4v4 RM · 21d ago on Sep 10, 2026· 28m 12s· 8 players
Game mode
Random Map
Map size
Large (8 player)
Population
200
Speed
Normal
Resources
Standard
Victory
Conquest
Starting age
Dark Age
Ending age
Imperial Age
RankedLock teamsTeams togetherTeam positionsShared explorationLock speedFull tech treeHidden civsTurbo modeCheats
Victory
Defeat
🇨🇳 Mongols · China
978
+17
🇨🇳 Huns · China
975
+17
🇨🇳 Khmer · China
961
+17
🇨🇳 Khmer · China
930
+19
🇲🇽 Japanese · Mexico
1052
-20
🇲🇽 Romans · Mexico
979
-17
🇲🇽 Hindustanis · Mexico
978
-17
🇲🇽 Bohemians · Mexico
964
-16
喧哗的都已沙哑
6:45 Loom
14:11 Feudal Age
15:35 Gold Mining
15:34 Double-Bit Axe
18:03 Castle Age
16:28 Horse Collar
17:01 Bloodlines
16:59 Scale Barding Armor
17:05 Forging
19:45 Chain Barding Armor
20:01 Iron Casting
19:28 Husbandry
20:08 Marauders
21:43 Wheelbarrow
女生言午
9:51 Loom
12:18 Feudal Age
13:57 Double-Bit Axe
16:26 Castle Age
15:57 Horse Collar
18:25 Bloodlines
18:56 Bow Saw
25:00 Wheelbarrow
25:04 Gold Mining
27:38 Scale Barding Armor
27:44 Forging
28:19 Hand Cart
thinker
0:32 Loom
12:24 Feudal Age
17:18 Castle Age
18:25 Pikeman
21:11 Gold Mining
21:08 Double-Bit Axe
21:06 Horse Collar
25:19 Heavy Plow
25:25 Arson
Eleven
5:40 Loom
13:32 Feudal Age
SHADOW2727z
0:39 Loom
10:15 Feudal Age
14:15 Wheelbarrow
18:20 Double-Bit Axe
20:51 Castle Age
19:14 Horse Collar
19:28 Stone Mining
guerrerotezonca
0:26 Loom
10:44 Feudal Age
15:01 Scale Barding Armor
14:39 Horse Collar
22:34 Castle Age
21:36 Wheelbarrow
23:17 Husbandry
23:16 Double-Bit Axe
24:19 Forging
27:59 Hand Cart
adanvictorl
4:50 Loom
10:41 Feudal Age
12:56 Double-Bit Axe
12:52 Horse Collar
14:45 Man-at-Arms
21:20 Castle Age
20:35 Gold Mining
22:34 Stone Mining
22:48 Heavy Plow
ULG_1
10:21 Feudal Age
16:12 Castle Age
14:34 Double-Bit Axe
14:50 Horse Collar
16:07 Loom
20:44 Squires
20:05 Pikeman
21:41 Scale Mail Armor
21:35 Fletching
22:09 Man-at-Arms
23:24 Long Swordsman
25:54 Husbandry
26:05 Bloodlines
25:16 Light Cavalry
Connection lost

Rejoining the realm…

Still unreachable

The connection could not be restored.

Session expired

The server has moved on; the page needs a fresh start.